Match 43567328
Unlisted

Match 43567328
End
Selects Luftwaffe Battlegroup
Kettenkrad Recon Vehicle
Selects Luftwaffe Pioneer Support
Fallschirmpioneer Squad Paradrop
Construct Infanterie Kompanie
Fallschirmpioneer Squad Paradrop
MG 42 Machine Gun Team
Construct Panzergrenadier Kompanie
Infanterie Officer Quarters
Fallschirmpioneer Squad Paradrop
Selects Stuka Strafing Run
Stuka Strafing Run
Stuka Strafing Run
Construct Panzergrenadier Kompanie
Pak 40 Anti-tank Gun Team
Selects Fallschirmjäger Squad Paradrop
Fallschirmjäger Squad Paradrop
Stuka Strafing Run
AI Takeover
✠-Ober-✠
Sebulous
Merloga
한글
Boom
Jm200092
杨司令
Luzinit24
0
0

Comments sign in to comment!

No comments posted yet!